 Dungeon Crawl Stone Soup version 0.18.1-8-gdd0e5ea (webtiles) character file.

2316 Scarto the Skirmisher (level 9, -10/70 HPs)
             Began as a Demonspawn Fighter on June 7, 2016.
             Was a Believer of Makhleb.
             Killed by the air
             ... invoked by Gastronok
              (23 damage)
             ... on level 8 of the Dungeon.
             The game lasted 00:15:05 (5984 turns).

Scarto the Skirmisher (Demonspawn Fighter)          Turns: 5984, Time: 00:15:06

Health: -10/70     AC: 15    Str: 20    XL:     9   Next: 18%
Magic:  12/12      EV:  4    Int:  9    God:    Makhleb [**....]
Gold:   190        SH: 11    Dex: 13    Spells: 0 memorised, 8 levels left

rFire  . . .     SeeInvis .     b - +3 flail
rCold  . . .     Gourm    .     m - +2 plate armour
rNeg   . . .     Faith    .     c - +1 shield
rPois  .         Spirit   .     (no helmet)
rElec  .         Dismiss  .     (no cloak)
rCorr  .         Reflect  .     (no gloves)
SustAt .         Harm     .     (no boots)
MR     .....                    (no amulet)
Stlth  ..........               (no ring)
                                (no ring)

@: not resistant to hostile enchantments, extremely unstealthy
A: talons 2, molten scales 1, powered by pain 2, evolution 1, rot immunity
a: Minor Destruction, Renounce Religion


You were on level 8 of the Dungeon.
You worshipped Makhleb.
Makhleb was pleased with you.
You were not hungry.

You visited 2 branches of the dungeon, and saw 9 of its levels.
You also visited: Ossuary.

You collected 268 gold pieces.
You spent 78 gold pieces at shops.

Inventory:

Hand Weapons
 a - a +2 war axe
 b - a +3 flail (weapon)
Missiles
 d - 4 tomahawks (quivered)
Armour
 c - a +1 shield (worn)
 m - a +2 plate armour (worn)
Scrolls
 g - 6 scrolls of remove curse
 h - 6 scrolls of blinking
 j - a scroll of torment {unknown}
 k - a scroll of fog
 o - a scroll of amnesia {unknown}
 r - a scroll of teleportation {unknown}
 t - 2 scrolls of magic mapping
 v - a scroll of recharging {unknown}
 w - 3 scrolls of fear {unknown}
 x - a scroll of vulnerability {unknown}
 y - a scroll of immolation {unknown}
Potions
 e - 4 potions of cure mutation
 i - 5 potions of brilliance
 l - 4 potions of curing
 n - 4 potions of agility
 q - a potion of lignification
 u - 2 potions of haste
 z - 2 potions of cancellation {unknown}
Comestibles
 f - 7 bread rations
 p - 10 fruits


   Skills:
 + Level 6.3 Fighting
 + Level 5.4(5.5) Axes
 + Level 1.2(3.6) Maces & Flails
 + Level 6.0 Armour
 + Level 5.8 Shields
 + Level 5.1 Invocations


You had 8 spell levels left.
You didn't know any spells.

Dungeon Overview and Level Annotations

Branches:
Dungeon (8/15)             Temple (1/1) D:4
   Lair: D:8-11

Altars:
Ashenzari
Cheibriados
Dithmenos
Elyvilon
Fedhas
Makhleb
Nemelex Xobeh
Okawaru
Pakellas
Qazlal
Trog
The Shining One

Shops:
D:3 }   D:4 [%!}(

Annotations:
D:8 Gastronok


Innate Abilities, Weirdness & Mutations

You have razor-sharp toenails.
You are partially covered in molten scales (AC +1).
You sometimes gain power by taking damage.
You are immune to rotting.
You evolve.


Message History

The killer bee is almost dead.
The killer bee stings you.
* * * LOW HITPOINT WARNING * * *
You block the killer bee's attack. x2
Unknown command.
You closely miss the killer bee.
The killer bee is almost dead.
The killer bee stings you.
* * * LOW HITPOINT WARNING * * *
The killer bee stings you but does no damage.
Unknown command.
You miss the killer bee.
You claw the killer bee, but do no damage.
The killer bee is almost dead.
You block the killer bee's attack.
The killer bee stings you but does no damage.
You block the killer bee's attack.
Gastronok waves his eye-stalks in wide circles.
The air twists around and strikes you!
You die...

......##
###...........#######
...(...# #....#####...##
.......### ####.# ##..####
.........## #.# #.....## #
......##..#
#.######..##..####
......###.##
#.....##.####.....
....<.###..# ####.....#
#####. #.##....##.#
####rw#.### ##.
#.#####..#.####.@yy##y###
#.. ..#
##.#.##...#####yy.# ##.#
.##
#.#....#########y######..#
.# #....###
#....#....y.y... .#
#.#...#####........###..##
.#
##.###....##....###......#
.# ###..#
#..(.##.......#..)..#
.####...##
###..##.......#.....##
.##...###
##..#####.........##


You could see Gastronok, 2 killer bees and a quokka.

Vanquished Creatures
  3 sky beasts
  An ice beast (D:6)
  2 phantoms
  The ghost of juanjsm the Insei, an amateur OpTm (D:3)
  An elf zombie (Ossuary)
  2 giant frogs
  A water moccasin skeleton (D:7)
  A scorpion (D:7)
  3 killer bees (D:8)
  4 wights (D:7)
  2 howler monkeys
  A crimson imp (D:6)
  2 giant frog zombies
  5 orc priests
  A gnoll shaman (D:7)
  A human zombie (Ossuary)
  A hound (D:5)
  4 orc wizards
  2 iguanas
  6 worker ants
  A big kobold zombie (Ossuary)
  A hound zombie (Ossuary)
  A hound skeleton (D:5)
  4 mummies (Ossuary)
  5 adders
  8 gnolls
  A howler monkey skeleton (D:8)
  2 oozes
  An adder skeleton (D:8)
  2 adder zombies
  2 worms
  3 dart slugs
  3 giant geckos
  34 orcs
  3 giant cockroaches
  10 goblins
  6 hobgoblins
  10 jackals
  2 kobolds (D:3)
  2 quokkas
  4 ball pythons
  9 bats
  A giant gecko skeleton (D:5)
  A giant gecko zombie (D:6)
  4 giant newts
  A goblin zombie (Ossuary)
  A hobgoblin zombie (Ossuary)
  A kobold zombie (Ossuary)
  2 orc zombies (Ossuary)
  11 rats
  2 rat zombies (Ossuary)
182 creatures vanquished.

Notes
Turn   | Place    | Note
--------------------------------------------------------------
     0 | D:1      | Scarto the Demonspawn Fighter began the quest for the Orb.
     0 | D:1      | Reached XP level 1. HP: 18/18 MP: 1/1
   110 | D:1      | Gained mutation: You have sharp toenails. [demonic ancestry]
   110 | D:1      | Reached XP level 2. HP: 20/24 MP: 2/2
   544 | D:2      | Gained mutation: You are immune to rotting. [demonic ancestry]
   544 | D:2      | Reached XP level 3. HP: 29/29 MP: 3/3
  1122 | D:3      | Gained mutation: You sometimes gain a little power by taking damage. [demonic ancestry]
  1122 | D:3      | Reached XP level 4. HP: 32/35 MP: 4/4
  1172 | D:3      | Gained mutation: You sometimes gain power by taking damage. [demonic ancestry]
  1172 | D:3      | Reached XP level 5. HP: 11/42 MP: 5/5
  1366 | D:3      | Found an oddly glowing altar of Pakellas.
  1366 | D:3      | Found Pakellas's Prime Provisions.
  1481 | D:3      | Gained mutation: You have razor-sharp toenails. [demonic ancestry]
  1481 | D:3      | Reached XP level 6. HP: 41/48 MP: 6/6
  1507 | D:3      | Found a blossoming altar of Fedhas.
  1567 | D:3      | Found a sparkling altar of Nemelex Xobeh.
  1568 | D:3      | Found a bloodstained altar of Trog.
  1779 | D:3      | Noticed juanjsm's ghost (amateur OpTm)
  1801 | D:3      | Killed juanjsm's ghost
  2206 | D:4      | Found Cesothyj's Distillery.
  2219 | D:4      | Found Hiekinti's Gadget Shop.
  2222 | D:4      | Bought a potion of curing for 39 gold pieces
  2222 | D:4      | Bought a potion of curing for 39 gold pieces
  2244 | D:4      | Found Woasaaj's Food Boutique.
  2281 | D:4      | Reached XP level 7. HP: 21/55 MP: 7/7
  2704 | D:4      | Found an iron altar of Okawaru.
  2704 | D:4      | Found a shattered altar of Ashenzari.
  2820 | D:4      | Found Xiduyrgh's Antique Weapon Boutique.
  2924 | D:4      | Found Gilecisch's Antique Armour Boutique.
  3186 | D:4      | Found a staircase to the Ecumenical Temple.
  3232 | Temple   | Entered the Ecumenical Temple
  3239 | Temple   | Became a worshipper of Makhleb the Destroyer
  3290 | D:5      | Entered Level 5 of the Dungeon
  3360 | D:5      | Reached skill level 5 in Fighting
  3360 | D:5      | Reached skill level 1 in Invocations
  3438 | D:5      | Found a stormy altar of Qazlal.
  3467 | D:5      | Gained mutation: You can translocate small distances at will. [mutagenic meat]
  3468 | D:5      | Gained mutation: Armour fits poorly on your strangely shaped body. [mutagenic meat]
  3469 | D:5      | Gained mutation: You possess an exceptional clarity of mind. [mutagenic meat]
  3470 | D:5      | Gained mutation: You are robust (+10% HP). [mutagenic meat]
  3471 | D:5      | Lost mutation: Armour fits poorly on your strangely shaped body. [potion of cure mutation]
  3471 | D:5      | Lost mutation: You are robust (+10% HP). [potion of cure mutation]
  3471 | D:5      | Lost mutation: You possess an exceptional clarity of mind. [potion of cure mutation]
  3471 | D:5      | Lost mutation: You can translocate small distances at will. [potion of cure mutation]
  3699 | D:5      | Reached skill level 5 in Armour
  3752 | D:5      | Gained mutation: You are partially covered in molten scales (AC +1). [demonic ancestry]
  3752 | D:5      | Reached XP level 8. HP: 62/62 MP: 9/9
  3822 | D:5      | Reached skill level 5 in Shields
  4052 | D:6      | Found a snail-covered altar of Cheibriados.
  4172 | D:6      | Found a snail-covered altar of Cheibriados.
  4217 | D:6      | Reached * piety under Makhleb
  4674 | D:7      | Reached skill level 5 in Axes
  5027 | D:7      | Reached ** piety under Makhleb
  5108 | D:7      | Found a sand-covered staircase.
  5131 | Ossuary  | Entered an ossuary
  5547 | D:8      | Reached XP level 9. HP: 69/69 MP: 12/12
  5639 | D:8      | Gained mutation: You evolve. [potion of beneficial mutation]
  5926 | D:8      | Noticed Gastronok
  5958 | D:8      | Reached skill level 1 in Maces & Flails
  5965 | D:8      | Reached skill level 5 in Invocations
  5984 | D:8      | Killed from afar by Gastronok

Skill      XL: |  1  2  3  4  5  6  7  8  9 |
---------------+----------------------------+-----
Axes           | 2 3 4 5 |  5.4
Armour         | 3 4 5 6 |  6.0
Shields        | 3 4 5 |  5.8
Fighting       | 4 5 6 |  6.3
Invocations    | 2 4 5 |  5.1
Maces & Flails | 1 |  1.2

Action                   |  1- 3 |  4- 6 |  7- 9 || total
-------------------------+-------+-------+-------++-------
Melee: War axe           |   168 |   173 |   327 ||   668
       Kick              |    27 |    41 |   118 ||   186
       Flail             |       |       |    80 ||    80
Invok: Minor Destruction |       |       |     2 ||     2
  Use: Scroll            |     4 |     5 |    11 ||    20
       Potion            |       |     6 |     6 ||    12
  Eat: Chunk             |     1 |     2 |     6 ||     9
       Bread ration      |       |     1 |     1 ||     2
       Meat ration       |       |       |     1 ||     1
Armor: Scale mail        |    33 |       |       ||    33
       Plate armour      |   113 |   176 |   311 ||   600
Dodge: Dodged            |    31 |    46 |    83 ||   160
Block: Shield            |   104 |   142 |   287 ||   533
